 Dungeon Crawl Stone Soup version 0.24-a0-250-g6074511 (webtiles) character file.

Game seed: 5643551850995528726

88327 robertstho the Severer (level 15, -3/207 HPs)
             Began as a Pale Draconian Berserker on Apr 15, 2019.
             Was a High Priest of Trog.
             Slain by a naga warrior
             ... wielding a +0 long sword
              (4 damage)
             ... on level 1 of the Snake Pit.
             The game lasted 01:03:43 (30631 turns).

robertstho the Severer (Pale Draconian Berserker)  Turns: 30631, Time: 01:03:44

Health: -3/207     AC: 15    Str: 33    XL:     15   Next: 46%
Magic:  24/24      EV: 19    Int:  8    God:    Trog [*****.]
Gold:   2317       SH:  0    Dex: 15    Spells: 14/14 levels left

rFire    . . .     SeeInvis +   N - +2 executioner's axe (elec)
rCold    . . .     Gourm    +   (shield currently unavailable)
rNeg     . . .     Faith    .   (armour unavailable)
rPois    .         Spirit   .   (helmet restricted)
rElec    .         Reflect  .   A - +2 cloak
rCorr    +         Harm     .   X - +2 pair of gloves
MR       +....                  (no boots)
Stlth    ..........             K - amulet of the gourmand
HPRegen  0.44/turn              Y - ring of Buumn {rCorr *Drain MP+9 Str+3 Dex+4}
MPRegen  0.19/turn              k - ring of see invisible

@: berserking (expiring), lethally poisoned (-3 -> -14), slowed, constricted,
lightly drained
A: breathe steam, unfitting armour, cold-blooded, AC +9
a: Breathe Steam, Berserk, Trog's Hand, Brothers in Arms, Renounce Religion


You were on level 1 of the Snake Pit.
You worshipped Trog.
Trog was extremely pleased with you.
You were very full.

You visited 5 branches of the dungeon, and saw 25 of its levels.
You also visited: Bailey.

You collected 3652 gold pieces.
You spent 1335 gold pieces at shops.

Inventory:

Hand Weapons
 g - a +3 antimagic executioner's axe
 o - the +5 flail of Integrity {drain, +Inv rF+ rC- Str+4}
   (You found it on level 6 of the Lair of Beasts)

   A truly terrible weapon, it drains the life of those it strikes.
   It affects your strength (+4).
   It protects you from fire.
   It makes you vulnerable to cold.
   It lets you turn invisible.
 s - the +6 mace of Fupestra {chaos, MR+}
   (You found it on level 6 of the Lair of Beasts)

   Each time it hits an enemy it has a different, random effect.
   It affects your resistance to hostile enchantments.
 u - a +1 executioner's axe of flaming
 B - the +8 war axe "Testudineslayer" {venom, +Rage Int-3 Stlth+}
   (You found it on level 3 of the Lair of Beasts)

   It poisons the flesh of those it strikes.
   It affects your intelligence (-3).
   It lets you go berserk.
   It makes you more stealthy.
 N - a +2 executioner's axe of electrocution (weapon)
Armour
 A - a +2 cloak (worn)
 X - a +2 pair of gloves (worn)
Jewellery
 k - a ring of see invisible (right hand)
 m - an uncursed ring of ice
 z - an uncursed ring of flight
 K - an amulet of the gourmand (around neck)
 O - the ring "Vunylistu" {Ice *Slow Int+5 Dex+7}
   (You found it on level 1 of the Lair of Beasts)

   [ring of ice]

   It enhances your ice magic.
   It affects your intelligence (+5).
   It affects your dexterity (+7).
   It makes you vulnerable to fire.
   It protects you from cold.
   It may slow you when you take damage.
 Q - the ring of the Shining Light {rElec MR+ Int+4}
   (You found it on level 13 of the Dungeon)

   [ring of protection from magic]

   It affects your intelligence (+4).
   It insulates you from electricity.
   It affects your resistance to hostile enchantments.
 U - an uncursed ring of protection from cold
 W - an uncursed ring of fire
 Y - the ring of Buumn (left hand) {rCorr *Drain MP+9 Str+3 Dex+4}
   (You found it on level 6 of the Lair of Beasts)

   [ring of resist corrosion]

   It affects your strength (+3).
   It affects your dexterity (+4).
   It affects your magic capacity (+9).
   It causes draining when unequipped.
Wands
 y - a wand of iceblast (39)
 E - a wand of digging (4)
 R - a wand of flame (13)
 T - a wand of scattershot (5)
 V - a wand of clouds (7)
 Z - a wand of paralysis (6)
Scrolls
 d - 11 scrolls of teleportation
 e - 4 scrolls of identify
 f - 9 scrolls of remove curse
 h - 2 scrolls of enchant armour
 i - 3 scrolls of fog
 p - a scroll of enchant weapon
 q - 5 scrolls of magic mapping
 r - 5 scrolls of fear
 w - 4 scrolls of immolation
 C - 2 scrolls of holy word
 F - a scroll of summoning
 H - 5 scrolls of blinking
 J - a scroll of brand weapon
Potions
 a - 4 potions of ambrosia
 c - a potion of invisibility
 j - 4 potions of haste
 l - 13 potions of curing
 n - 3 potions of flight
 v - a potion of cancellation
 x - 3 potions of mutation
 D - 3 potions of agility
 G - 4 potions of lignification
 I - 2 potions of might
 S - 2 potions of magic
Miscellaneous
 M - a box of beasts
Comestibles
 b - 31 rations


   Skills:
 + Level 14.0(13.8) Fighting
 + Level 18.6(18.4) Axes
 + Level 0.5(12.4) Maces & Flails
 * Level 14.0(13.9) Dodging
 + Level 0.6(0.5) Evocations


You had 14 spell levels left.
You didn't know any spells.
Your spell library was empty.

Dungeon Overview and Level Annotations

Branches:
Dungeon (15/15)            Temple (0/1) D:7            Lair (6/6) D:11
 Shoals (0/4) Lair:3        Snake (1/4) Lair:3        Slime (0/5) Lair:6
    Orc (2/2) D:10            Elf (1/3) Orc:2        Vaults (0/5) D:14
 Depths (0/5) D:15

Altars:
Ashenzari
Dithmenos
Elyvilon
Fedhas
Hepliaklqana
Kikubaaqudgha
Makhleb
Nemelex Xobeh
Okawaru
Qazlal
Trog
Vehumet
Wu Jian
Zin
The Shining One
Beogh
Jiyva

Shops:
D:5 :   D:6 :   D:7 :   D:9 !   D:10 !   D:13 (   D:14 }   D:15 ?   Orc:2 (?:(

Portals:
Hell: Lair:6

Annotations:
D:9 potion shop heal wounds, curing
D:10 potion shop


Innate Abilities, Weirdness & Mutations

You can breathe blasts of scalding, opaque steam.
Your pale cyan-grey scales are hard. (AC +9)
You cannot fit into any form of body armour.
You are cold-blooded and may be slowed by cold attacks.


Message History

The naga warrior constricts you.
The guardian serpent hits you but does no damage.
The salamander barely misses you.
You cut the salamander into ribbons!!!
The salamander is almost dead.
The naga warrior blocks your attack.
You closely miss the guardian serpent.
You feel sick.
The guardian serpent hits you but does no damage.
The naga warrior closely misses you. The naga warrior constricts you.
The salamander closely misses you. The guardian serpent hits you!
* * * LOW HITPOINT WARNING * * *
You barely miss the salamander.
The salamander is almost dead.
You slice the guardian serpent!! You barely miss the naga warrior.
You feel sick.
The guardian serpent casts a spell at you.
You resist with some effort.
The naga warrior hits you with a +0 long sword!
* * * LOW HITPOINT WARNING * * *
You die...

#.##########..^.........#..
#.# #.##..#..#..####.#.
#.### #.)...........##...
#...# #.#####.#..##.# ##
###.# #.# #......... #.###
#.### ##.........
#.#≈###...# #...>......
#.≈≈≈#########)......§§.
#...........N@S......
#≈≈≈........##N.....≈
##≈≈........# ......≈
##≈........# ......≈
##......§.##.......
#......§..#.%.....
####...≈..#.......
#......######## #......#


You could see a naga warrior, a salamander and a guardian serpent.

Vanquished Creatures
  An orc warlord (Orc:2)
  A dire elephant (Lair:6)
  Erolcha (Orc:2)
  A fire dragon (Lair:1)
  3 hydras
  A yaktaur captain (D:15)
  Harold (Lair:2)
  A catoblepas (Lair:6)
  6 two-headed ogres
  A death knight (D:13)
  An ogre mage (Orc:2)
  3 centaur warriors
  2 orc high priests
  3 tengu warriors (D:15)
  A wizard (Lair:6)
  A deep elf archer (D:15)
  3 unseen horrors
  5 orc knights
  A wolf spider zombie (D:13)
  3 lindwurms (Lair:6)
  A necromancer (D:11)
  5 deep elf magi (Elf:1)
  10 ugly things
  A mana viper (Snake:1)
  9 orc sorcerers (Orc:2)
  2 cyclopes
  5 elephants
  3 manticores
  5 black mambas
  Joseph (D:7)
  A molten gargoyle (Lair:2)
  A gargoyle (D:13)
  8 spiny frogs
  6 komodo dragons
  3 kobold demonologists
  6 rime drakes
  3 ice devils
  A yaktaur (D:15)
  2 hornets
  A wind drake (shapeshifter) (D:15)
  9 blink frogs
  3 trolls
  3 slime creatures (D:12)
  A snapping turtle (Lair:3)
  14 dream sheep
  10 hippogriffs
  A centaur simulacrum (D:14)
  An air elemental (Elf:1)
  A vampire (D:15)
  2 wraiths
  42 yaks
  4 wyverns
  2 fire bats (Lair:1)
  3 basilisks
  A hungry ghost (D:13)
  4 wargs
  4 nagas
  14 water moccasins
  2 hell hounds (Lair:6)
  11 porcupines
  18 orc warriors
  2 ice beasts
  A swamp drake (D:10)
  A sky beast (D:10)
  7 phantoms
  4 wolves (Lair:3)
  7 boggarts
  18 centaurs
  25 ogres
  13 crocodiles
  6 big kobolds
  14 bullfrogs
  9 gnoll sergeants
  A wyvern zombie (D:14)
  A wyvern skeleton (D:14)
  3 scorpions
  A water moccasin skeleton (D:12)
  6 killer bees
  5 wights (D:9)
  An electric eel (Lair:3)
  4 bullfrog zombies
  10 crimson imps
  2 quasits
  2 lava snakes
  7 centaur zombies
  2 centaur skeletons
  2 jellies
  A wyvern simulacrum (D:15)
  5 hounds
  6 gnoll shamans (Bailey)
  15 orc priests
  Crazy Yiuf (D:5)
  30 orc wizards
  6 iguanas
  2 hell rats (Lair:1)
  11 worker ants
  4 polar bear simulacra (D:11)
  A yak simulacrum (D:11)
  4 wolf simulacra (D:11)
  A hound skeleton (D:5)
  27 gnolls
  7 adders
  2 howler monkey skeletons
  5 river rats (Lair:1)
  4 shadow imps
  An ooze (D:3)
  3 worms
  4 dart slugs
  9 leopard geckos
  74 orcs
  A ball python (D:5)
  6 giant cockroaches
  9 goblins
  10 hobgoblins
  2 jackals (D:9)
  2 quokkas
  10 bats
  2 frilled lizards
  19 kobolds
  A leopard gecko skeleton (D:5)
  A quokka skeleton (D:8)
  A quokka zombie (D:10)
  13 rats
  2 river rat simulacra (D:11)
  A fungus (Lair:5)
  A plant (D:11)
722 creatures vanquished.

Vanquished Creatures (collateral kills)
  An ironheart preserver (D:14)
  Nessos (Lair:6)
  A hell beast (Lair:6)
  Sonja (Lair:6)
  Nergalle (Orc:2)
  A wolf spider zombie (D:14)
  A lindwurm (Lair:6)
  An ugly thing (D:11)
  An orc knight (Orc:2)
  A cyclops (D:14)
  3 orange demons (Lair:6)
  2 ice devils (Lair:6)
  A hellwing (Lair:6)
  A polar bear (Lair:6)
  3 slime creatures (D:14)
  A shadow (D:14)
  A wraith (D:14)
  6 yaks (D:11)
  A warg (Orc:2)
  A hell hound (Lair:6)
  3 orc warriors
  A big kobold (D:14)
  A bullfrog (D:14)
  2 killer bees (D:8)
  A howler monkey (D:14)
  A crimson imp (D:14)
  2 hounds
  4 orc priests (Orc:2)
  5 orc wizards
  4 orcs (Orc:2)
  2 kobolds (D:14)
56 creatures vanquished.

Vanquished Creatures (others)
  A boggart (D:14)
  A bush (D:11)
  11 fungi
  9 plants
22 creatures vanquished.

Grand Total: 800 creatures vanquished

Notes
Turn   | Place    | Note
-------+----------+-------------------------------------------
     0 | D:1      | robertstho the Draconian Berserker began the quest for the
                  | Orb.
     0 | D:1      | Reached XP level 1. HP: 19/19 MP: 1/1
   211 | D:1      | Reached XP level 2. HP: 17/26 MP: 2/2
   472 | D:1      | Reached XP level 3. HP: 26/33 MP: 3/3
   905 | D:2      | Found a shattered altar of Ashenzari.
   978 | D:2      | Reached XP level 4. HP: 38/40 MP: 4/4
  1024 | D:2      | Reached skill level 4 in Axes
  1069 | D:2      | Found an ornate altar of the Wu Jian Council.
  1302 | D:2      | Found a radiant altar of Vehumet.
  1327 | D:2      | Reached ** piety under Trog
  1374 | D:2      | Found a sparkling altar of Nemelex Xobeh.
  1388 | D:2      | Found a white marble altar of Elyvilon.
  1553 | D:2      | Found a bloodstained altar of Trog.
  1859 | D:3      | Reached XP level 5. HP: 20/46 MP: 5/5
  2058 | D:3      | Found a faded altar of an unknown god.
  2107 | D:3      | Found a glowing golden altar of the Shining One.
  2203 | D:3      | Found an iron altar of Okawaru.
  2262 | D:3      | Found a hazy altar of Hepliaklqana.
  2469 | D:4      | Noticed an ogre
  2476 | D:4      | Killed an ogre
  2476 | D:4      | Reached skill level 5 in Axes
  2478 | D:4      | Reached XP level 6. HP: 53/53 MP: 6/6
  2553 | D:4      | Found a blossoming altar of Fedhas.
  2560 | D:4      | Found a stormy altar of Qazlal.
  2595 | D:4      | Reached *** piety under Trog
  2815 | D:4      | Found a glowing silver altar of Zin.
  2934 | D:4      | Reached skill level 6 in Axes
  2934 | D:4      | Your scales start taking on a pale cyan-grey colour.
  2934 | D:4      | Reached XP level 7. HP: 43/60 MP: 7/7
  3255 | D:5      | Entered Level 5 of the Dungeon
  3717 | D:5      | Reached skill level 5 in Fighting
  3717 | D:5      | Reached skill level 5 in Dodging
  4268 | D:5      | Reached skill level 7 in Axes
  4270 | D:5      | Found Coxav's Book Shop.
  4322 | D:5      | Reached XP level 8. HP: 56/69 MP: 8/8
  4861 | D:5      | Found a runed translucent door.
  4862 | D:5      | Noticed Crazy Yiuf
  5014 | D:5      | Killed Crazy Yiuf
  5359 | D:6      | Found Vahay's Book Shop.
  5452 | D:6      | Reached skill level 8 in Axes
  5742 | D:6      | Reached **** piety under Trog
  6127 | D:6      | Reached XP level 9. HP: 47/77 MP: 9/9
  6476 | D:7      | Found a staircase to the Ecumenical Temple.
  6679 | D:7      | Reached skill level 9 in Axes
  6695 | D:7      | Noticed Joseph
  6715 | D:7      | Killed Joseph
  7407 | D:7      | Found Orghep's Book Shoppe.
  7714 | D:8      | Noticed a two-headed ogre
  7742 | D:8      | Killed a two-headed ogre
  7742 | D:8      | Reached skill level 10 in Axes
  7822 | D:8      | Reached XP level 10. HP: 88/88 MP: 10/10
  8670 | D:9      | Reached skill level 11 in Axes
  9259 | D:9      | Found Moecusud's Distillery.
  9267 | D:9      | Bought a potion of heal wounds for 85 gold pieces
  9267 | D:9      | Bought a potion of heal wounds for 85 gold pieces
  9267 | D:9      | Bought a potion of lignification for 51 gold pieces
  9267 | D:9      | Bought a potion of invisibility for 136 gold pieces
  9267 | D:9      | Bought a potion of might for 68 gold pieces
  9381 | D:10     | Entered Level 10 of the Dungeon
  9491 | D:10     | Noticed a two-headed ogre
  9507 | D:10     | Killed a two-headed ogre
  9681 | D:10     | Found Joytroq's Distillery.
  9716 | D:10     | Found a flagged portal.
  9731 | Bailey   | Entered a bailey
  9945 | Bailey   | Reached ***** piety under Trog
 10068 | Bailey   | Reached XP level 11. HP: 40/97 MP: 11/11
 10515 | D:10     | Noticed an unseen horror
 10525 | D:10     | Killed an unseen horror
 10532 | D:10     | Reached skill level 12 in Axes
 10574 | D:10     | Found a staircase to the Orcish Mines.
 11209 | D:11     | Found a staircase to the Lair.
 11236 | D:11     | Reached skill level 10 in Dodging
 11253 | D:11     | Noticed a brown ugly thing
 11293 | D:11     | Killed a brown ugly thing
 11297 | D:11     | Received a gift from Trog
 11533 | D:11     | Noticed a red ugly thing
 11541 | D:11     | Killed a red ugly thing
 11961 | D:11     | Noticed a necromancer
 11971 | D:11     | Killed a necromancer
 12454 | D:11     | Reached skill level 13 in Axes
 12461 | D:11     | Reached skill level 10 in Fighting
 12957 | D:12     | Noticed a white ugly thing
 12966 | D:12     | Killed a white ugly thing
 12981 | D:12     | Noticed a two-headed ogre
 12989 | D:12     | Killed a two-headed ogre
 13416 | Orc:1    | Entered Level 1 of the Orcish Mines
 13425 | Orc:1    | Noticed an orc high priest
 13438 | D:10     | Reached XP level 12. HP: 41/106 MP: 12/12
 13825 | Lair:1   | Entered Level 1 of the Lair of Beasts
 14447 | Lair:1   | Got a pitted jade ring
 14448 | Lair:1   | Identified the ring "Vunylistu" {Ice *Slow Int+5 Dex+7}
                  | (You found it on level 1 of the Lair of Beasts)
 14680 | Lair:1   | Noticed a fire dragon
 14690 | Lair:1   | Killed a fire dragon
 15641 | Lair:2   | Reached skill level 14 in Axes
 15753 | Lair:2   | Noticed Harold
 15760 | Lair:2   | Killed Harold
 16794 | D:10     | Bought a potion of heal wounds for 70 gold pieces
 16794 | D:10     | Bought a potion of brilliance for 56 gold pieces
 16794 | D:10     | Bought a potion of magic for 112 gold pieces
 16794 | D:10     | Bought a potion of heal wounds for 70 gold pieces
 16794 | D:10     | Bought a potion of berserk rage for 70 gold pieces
 16882 | D:9      | Bought 2 potions of curing for 102 gold pieces
 16882 | D:9      | Bought a potion of curing for 51 gold pieces
 16882 | D:9      | Bought 2 potions of heal wounds for 170 gold pieces
 17025 | Lair:3   | Found a staircase to the Snake Pit.
 17054 | Lair:3   | Got a slimy war axe
 17055 | Lair:3   | Identified the +8 war axe "Testudineslayer" {venom, +Rage
                  | Int-3 Stlth+} (You found it on level 3 of the Lair of
                  | Beasts)
 17370 | Lair:3   | Found a staircase to the Shoals.
 17456 | Lair:3   | Received a gift from Trog
 17803 | Lair:4   | Noticed an eight-headed hydra
 17811 | Lair:4   | Killed a five-headed hydra
 18169 | Lair:4   | Reached skill level 15 in Axes
 18169 | Lair:4   | Reached XP level 13. HP: 114/116 MP: 13/13
 19980 | Lair:6   | Entered Level 6 of the Lair of Beasts
 20805 | Lair:6   | Noticed Sonja
 20814 | Lair:6   | Killed Sonja
 20855 | Lair:6   | Reached skill level 16 in Axes
 20981 | Lair:6   | Noticed Nessos
 21003 | Lair:6   | Killed Nessos
 21313 | Lair:6   | Found a viscous altar of Jiyva.
 21314 | Lair:6   | Found a staircase to the Slime Pits.
 21698 | Lair:6   | Noticed a dire elephant
 21718 | Lair:6   | Killed a dire elephant
 21751 | Lair:6   | Found a burning altar of Makhleb.
 21786 | Lair:6   | Found a gateway to Hell.
 21794 | Lair:6   | Got a fine tin ring
 21796 | Lair:6   | Identified the ring of Buumn {rCorr *Drain MP+9 Str+3
                  | Dex+4} (You found it on level 6 of the Lair of Beasts)
 22126 | Lair:6   | Reached XP level 14. HP: 95/127 MP: 14/14
 22132 | Lair:6   | HP: 1/127 [lindwurm/blast of flame (16)]
 22174 | Lair:6   | Got a brightly glowing flail
 22176 | Lair:6   | Got a slimy mace
 22184 | Lair:6   | Identified the +5 flail of Integrity {drain, +Inv rF+ rC-
                  | Str+4} (You found it on level 6 of the Lair of Beasts)
 22185 | Lair:6   | Identified the +6 mace of Fupestra {chaos, MR+} (You found
                  | it on level 6 of the Lair of Beasts)
 23171 | Orc:2    | Entered Level 2 of the Orcish Mines
 23189 | Orc:2    | Found a staircase to the Elven Halls.
 23453 | Orc:2    | Received a gift from Trog
 23499 | Orc:2    | Noticed an orc warlord
 23510 | Orc:2    | Killed an orc warlord
 23540 | Orc:2    | Found a roughly hewn altar of Beogh.
 23759 | Orc:2    | Found a frozen archway.
 24255 | Orc:2    | Paralysed by an orc sorcerer for 3 turns
 24304 | Orc:2    | Found Jesea's Antique Weapon Shoppe.
 24327 | Orc:2    | Found an ancient bone altar of Kikubaaqudgha.
 24327 | Orc:2    | Noticed Nergalle
 24341 | Orc:2    | Killed Nergalle
 24341 | Orc:2    | Reached skill level 17 in Axes
 24417 | Orc:2    | Noticed Erolcha
 24427 | Orc:2    | Killed Erolcha
 24708 | Orc:2    | Found a roughly hewn altar of Beogh.
 24708 | Orc:2    | Found Gotaf Fog's Book Emporium.
 24708 | Orc:2    | Found Usur's Magic Scroll Shoppe.
 24716 | Orc:2    | Found Asoheam's Antique Weapon Shoppe.
 24733 | Orc:2    | Bought a scroll of identify for 22 gold pieces
 24733 | Orc:2    | Bought 2 scrolls of blinking for 165 gold pieces
 24733 | Orc:2    | Bought a scroll of identify for 22 gold pieces
 24789 | Orc:2    | Found a radiant altar of Vehumet.
 26031 | D:12     | Got a shimmering hand axe
 26032 | D:12     | Identified the +1 hand axe of Tolix {speed, +Inv rC- Dex+2
                  | Stlth+} (You found it on level 12 of the Dungeon)
 26481 | D:12     | Received a gift from Trog
 26983 | D:13     | Got a crude bronze ring
 27024 | D:13     | Identified the ring of the Shining Light {rElec MR+ Int+4}
                  | (You found it on level 13 of the Dungeon)
 27128 | D:13     | Found Ufulosae's Antique Weapon Shop.
 27575 | D:14     | Reached XP level 15. HP: 136/136 MP: 15/15
 27700 | D:14     | Reached skill level 18 in Axes
 27753 | D:14     | Found Iptot's Gadget Emporium.
 27918 | D:14     | Received a gift from Trog
 28232 | D:14     | Found a shadowy altar of Dithmenos.
 28300 | D:14     | Found a gate to the Vaults.
 28622 | D:15     | Entered Level 15 of the Dungeon
 29157 | D:15     | Found a staircase to the Depths.
 29573 | D:15     | Found Worez's Magic Scroll Shoppe.
 30088 | Elf:1    | Entered Level 1 of the Elven Halls
 30099 | Elf:1    | Received a gift from Trog
 30516 | Snake:1  | Entered Level 1 of the Snake Pit
 30631 | Snake:1  | HP: 1/207 [naga warrior/+0 long sword (15)]
 30631 | Snake:1  | Slain by a naga warrior

Levels and vault maps discovered:
D:1:      matt_arrival_spirals, layout_basic
D:2:      layout_loops_ring, nicolae_ashenzari_panopticon, lemuel_doored_altar,
          old_standard_altar, overflow_temple_1_default, bloody_trog,
          elyvilon_altar_5
D:3:      layout_rooms, tso_metal_star, nicolae_overflow_crystal_walls,
          old_standard_altar, chequers_ecumenical_altar_lobes
D:4:      layout_rooms, grunt_temple_overflow_forces_of_nature, kennysheep_mini,
          first_ration, nrook_mini_backslash, supply_closet_lemuel
D:5:      layout_cave_pods, serial_shops, kennysheep_mini_moat,
          serial_column_ruins, column_ruins_hut_ruined, column_ruins_grid_1,
          column_ruins_open_small, column_ruins_open_tiny_water,
          column_ruins_open_small, uniq_crazy_yiuf_cottage
D:6:      layout_cave_pods, serial_shops, shop, kennysheep_generic_room_15
D:7:      layout_basic, nicolae_overflow_hidden_temple,
          minmay_temple_entry_statues_pillars, serial_shops,
          kennysheep_little_box, uniq_joseph
D:8:      layout_basic, blue_anna_alchemist [blue_anna_fruit_fields,
          blue_anna_fruit_fields], minivault_1
D:9:      layout_basic, serial_shops, shop_fountains
D:10:     layout_long_grid, erik_orc_1, enter_bailey_6, serial_shops, shop
D:11:     layout_loops_ring, minmay_lair_entry_grove, fungi_pond_lemuel,
          eino_house_with_fridge
D:12:     layout_roguey
D:13:     layout_roguey, serial_shops, shop, minmay_quadrilaterals
D:14:     layout_loops_corners, skrybe_vaults_entry_preservation,
          nicolae_dithmenos_the_darkroom, serial_shops,
          nicolae_shop_competitors_out_of_business, solitary_fountain,
          hangedman_weighted_door
D:15:     grunt_enter_depths_snipers, layout_basic, serial_shops,
          nicolae_shop_behind_doors, corexii_hall_statues_i
Lair:1:   dragon1_lemuel, layout_cave_pods, serial_forest,
          infiniplex_forest_lined_3, infiniplex_forest_clump_small,
          infiniplex_forest_lined_2, infiniplex_forest_clump_C,
          infiniplex_forest_clump_small, infiniplex_forest_corner_2,
          infiniplex_forest_3_way, infiniplex_forest_lined_2,
          infiniplex_forest_clump_long, st_stairs_7, kennysheep_abandoned_house
Lair:2:   layout_gridlike, ldierk_geyser, minivault_23, uniq_harold
Lair:3:   layout_misc_corridors, minmay_shoals_entry_hut,
          guppyfry_snake_entry_island, infiniplex_staircase_pool
Lair:4:   layout_gridlike
Lair:5:   layout_cave_pods, grunt_forest_small_clearing_treed
Lair:6:   evil_forest, layout_layer_cave, slime_altar_1, minmay_lindwurm_lava,
          uniq_sonja, uniq_nessos
Snake:1:  layout_basic, uniq_josephine, uniq_frances
Orc:1:    layout_caves
Orc:2:    kennysheep_orc_mage_school, layout_caves,
          portal_ice_cave_demonic_guard, minmay_orc_temple_c
Elf:1:    eino_elf_arrival_shootout, layout_gridlike, minmay_elf_necromancy,
          david_defended_altar_elf, minmay_shoptagon
Bailey:   bailey_polearm_gnolls_kennysheep, bailey

Skill      XL: |  1  2  3  4  5  6  7  8  9 10 11 12 13 14 15 |
---------------+----------------------------------------------+-----
Dodging        | 3 4 5 7 8 9 10 11 12 13 14 | 14.0
Axes           | 4 5 6 7 8 10 11 13 15 16 17 18 | 18.6
Fighting       | 4 5 6 7 9 10 11 12 13 14 | 14.0
Maces & Flails | |  0.5
Evocations     | |  0.6

Action                   |  1- 3 |  4- 6 |  7- 9 | 10-12 | 13-15 || total
-------------------------+-------+-------+-------+-------+-------++-------
Melee: Hand axe          |    68 |   204 |   236 |       |       ||   508
       Tailslap          |     9 |    27 |    54 |   148 |   152 ||   390
       War axe           |       |       |   120 |   549 |    53 ||   722
       Battleaxe         |       |       |       |   165 |   279 ||   444
       Executioner's axe |       |       |       |    89 |   444 ||   533
       Mace              |       |       |       |       |    16 ||    16
Invok: Berserk           |       |     4 |    10 |    16 |    18 ||    48
       Trog's Hand       |       |       |     1 |     1 |     4 ||     6
       Brothers in Arms  |       |       |     1 |     1 |    11 ||    13
 Abil: Breathe Steam     |       |       |     2 |       |     4 ||     6
Evoke: Wand              |       |       |       |       |     3 ||     3
       Box of beasts     |       |       |       |       |     1 ||     1
  Use: Scroll            |       |     6 |     2 |     8 |    17 ||    33
       Potion            |       |       |     1 |     1 |    12 ||    14
 Stab: Sleeping          |     2 |       |     1 |     3 |     5 ||    11
       Confused          |       |       |       |     1 |       ||     1
       Distracted        |       |       |       |     1 |     1 ||     2
       Invisible         |       |       |       |       |     3 ||     3
  Eat: Chunk             |       |     9 |    21 |    35 |    72 ||   137
       Ration            |       |       |     3 |     4 |       ||     7
Armor: Skin              |    17 |    51 |    74 |   175 |   180 ||   497
Dodge: Dodged            |    39 |   133 |   250 |   763 |   781 ||  1966

Table legend:
 A = Non-vault XP
 B = Vault XP
 C = Vault XP percentage of total XP
 D = Non-vault monster count
 E = Vault monster count
 F = Vault count percentage of total count
                 A         B        C        D         E       F
            +---------+---------+-------+---------+---------+-------
      Total |   86869 |   39313 |  31.2 |     567 |     210 |  27.0
            +---------+---------+-------+---------+---------+-------
        D:1 |      51 |       0 |   0.0 |      22 |       0 |   0.0
        D:2 |      85 |       0 |   0.0 |      19 |       0 |   0.0
        D:3 |     130 |       0 |   0.0 |      30 |       0 |   0.0
        D:4 |     522 |       0 |   0.0 |      11 |       0 |   0.0
        D:5 |     989 |      40 |   3.9 |      26 |       1 |   3.7
        D:6 |     997 |       0 |   0.0 |      26 |       0 |   0.0
        D:7 |     993 |     466 |  31.9 |      20 |       1 |   4.8
        D:8 |    2341 |      95 |   3.9 |      21 |       1 |   4.5
        D:9 |     916 |       0 |   0.0 |      21 |       0 |   0.0
       D:10 |    4173 |     559 |  11.8 |      26 |      17 |  39.5
       D:11 |    3702 |    2680 |  42.0 |      31 |      24 |  43.6
       D:12 |    7191 |       0 |   0.0 |      33 |       0 |   0.0
       D:13 |    3669 |    1594 |  30.3 |      18 |       5 |  21.7
       D:14 |   10034 |    3684 |  26.9 |      47 |      13 |  21.7
       D:15 |    8850 |    2232 |  20.1 |      26 |       3 |  10.3
     Lair:1 |    3170 |    1411 |  30.8 |      15 |      16 |  51.6
     Lair:2 |    3666 |     970 |  20.9 |      14 |       1 |   6.7
     Lair:3 |    4323 |     569 |  11.6 |      25 |       3 |  10.7
     Lair:4 |    3860 |       0 |   0.0 |      15 |       0 |   0.0
     Lair:5 |    5387 |       0 |   0.0 |      19 |       0 |   0.0
     Lair:6 |    7969 |   12262 |  60.6 |      30 |      32 |  51.6
    Snake:1 |    1294 |       0 |   0.0 |       4 |       0 |   0.0
      Orc:1 |    4744 |       0 |   0.0 |      29 |       0 |   0.0
      Orc:2 |    7590 |    9205 |  54.8 |      38 |      58 |  60.4
      Elf:1 |     223 |    2325 |  91.2 |       1 |       5 |  83.3
     Bailey |       0 |    1221 | 100.0 |       0 |      30 | 100.0
            +---------+---------+-------+---------+---------+-------
